 Seeded DCSS version 0.30.0-10-gfe55d96785 (webtiles) character file.

Game seed: 6681065660123202624 (custom seed)

2 GigaChad the Firebug (level 1, -2/9 HPs)
             Began as a Vine Stalker Fire Elementalist on May 15, 2023.
             Slain by a jackal (3 damage)
             ... on level 1 of the Dungeon.
             The game lasted 00:00:41 (153 turns).

GigaChad the Firebug (VSFE)                          Turns: 153, Time: 00:00:42

Health: -2/9       AC:  2    Str: 10    XL:     1   Next: 30%
Magic:  0/4        EV: 12    Int: 19    God:
Gold:   0          SH:  0    Dex: 14    Spells: 3/4 levels left

rFire   . . .        (no weapon)
rCold   . . .        (no shield)
rNeg    . . .        a - +0 robe
rPois   .            (no helmet)
rElec   .            (no cloak)
rCorr   .            (no gloves)
SInv    .            (no boots)
Will    .....        (no amulet)
Stlth   +++          d - ring "Caokea" {Wiz Int+4 Stlth+}
HPRegen 0.21/turn    (no ring)
MPRegen 0.09/turn

%: guardian spirit, wizardry (x1)
@: no status effects
A: fangs 2, magic shield, antimagic bite, no potion heal 2
a: no special abilities


You were on level 1 of the Dungeon.
You visited 1 branch of the dungeon, and saw 1 of its levels.

Inventory:

Hand Weapons
 e - a +0 short sword
Armour
 a - a +0 robe (worn)
Jewellery
 d - the ring "Caokea" (left hand) {Wiz Int+4 Stlth+}
   (You acquired it on level 1 of the Dungeon)

   [ring of wizardry]

   It improves your spell success rate.
   Int:       It affects your intelligence (+4).
   Stlth:     It makes you more stealthy.
Scrolls
 c - a scroll of magic mapping {unknown}
Potions
 b - a potion of magic


   Skills:
 + Level 1.7 Dodging
 + Level 2.4 Stealth
 + Level 2.1 Spellcasting
 + Level 1.0 Conjurations
 + Level 3.0 Fire Magic


You had 3 spell levels left.
You knew the following spells:

 Your Spells              Type           Power      Damage    Failure   Level
a - Foxfire               Conj/Fire      36%        2x1d5     3%          1

Your spell library contained the following spells:

 Spells                   Type           Power      Damage    Failure   Level
 Scorch                   Fire           26%        2d6       3%          2
 Inner Flame              Hex/Fire       7%         N/A       11%         3
 Volatile Blastmotes      Fire/Tloc      14%        2d11      11%         3
 Flame Wave               Conj/Fire      9%         2d6       28%         4


Dungeon Overview and Level Annotations

Branches:
Dungeon (1/15)

Altars:


Innate Abilities, Weirdness & Mutations

You have extremely sharp teeth.
When hurt, damage is shared between your health and your magic reserves.
Your bite disrupts and absorbs the magic of your enemies.
Potions cannot restore your health.


Message History

Unknown command.
The jackal bites you but does no damage.
The jackal completely misses you.
Unknown command.
Unknown command.
You closely miss the jackal. The jackal misses you.
The jackal barely misses you. x2; The jackal bites you.
* * * LOW HITPOINT WARNING * * *
Unknown command.
You hit the jackal.
The jackal is lightly wounded.
The jackal closely misses you. The jackal completely misses you.
Unknown command.
You hit the jackal but do no damage. Your bite misses the jackal.
The jackal is lightly wounded.
The jackal bites you but does no damage.
The jackal closely misses you.
Unknown command.
You closely miss the jackal. Your bite misses the jackal.
The jackal is lightly wounded.
The jackal bites you but does no damage.
The jackal bites you.
* * * LOW HITPOINT WARNING * * *
The jackal barely misses you. The jackal misses you.
Unknown command.
You closely miss the jackal.
The jackal is lightly wounded.
The jackal bites you but does no damage.
The jackal barely misses you.
Unknown command.
You hit the jackal but do no damage.
The jackal is lightly wounded.
The jackal misses you. The jackal bites you.
* * * LOW HITPOINT WARNING * * *
The jackal barely misses you. x2
Unknown command.
You barely miss the jackal. Your bite misses the jackal.
The jackal is lightly wounded.
The jackal barely misses you. The jackal bites you.
You die...

###...###♣♣..........
...♣#'''#♣♣♣.....♣♣####
..............####
♣♣.......♣♣♣###
♣♣♣♣....♣ #######
#....#############
#.h...............
#@###########..... #h#
#.##.. #g# ### ##.##.# #
#.# #.######..##.# # #.
#.# #.....##.###.#
##.#.###.#
#.###.#..###.#
#.......†#
#.###.#>......
####....##
#.#........#.#
######.####.#####.#..#.#


You could see 2 jackals and a goblin.

Vanquished Creatures
  A bat (D:1)
  A kobold (D:1)
2 creatures vanquished.

Vanquished Creatures (others)
  8 foxfires (D:1)
8 creatures vanquished.

Grand Total: 10 creatures vanquished

Notes
Turn   | Place    | Note
-------+----------+-------------------------------------------
     0 | D:1      | GigaChad the Vine Stalker Fire Elementalist began the quest
                  | for the Orb.
     0 | D:1      | Reached XP level 1. HP: 9/9 MP: 4/4
    93 | D:1      | Identified a scroll of acquirement
    93 | D:1      | Acquired the ring "Caokea" {Wiz Int+4 Stlth+}
   153 | D:1      | Slain by a jackal

Illustrated notes

Levels and vault maps discovered:
D:1:      sevenhm_arrival_forest_fort_large_2, layout_basic,
          nicolae_ecumenical_lake_church, minmay_tetromino_i4

Action                     || total
---------------------------++-------
  Melee: Unarmed           ||     9
   Cast: Foxfire           ||     7
    Use: Scroll            ||     1
 Armour: Robe              ||     6
  Dodge: Dodged            ||    22
